 Dungeon Crawl Stone Soup version 0.31.0-9-g3a7656b989 (webtiles) character file.

Game seed: 8556312203384094474

1602 RepoMan the Firebug (level 8, -32/56 HPs)
             Began as a Vampire Fire Elementalist on Jan 24, 2024.
             Was an Initiate of Sif Muna.
             Killed by an exploding vampire mosquito (48 damage)
             ... ignited by their inner flame
             ... on level 7 of the Dungeon.
             The game lasted 00:58:45 (8295 turns).

RepoMan the Firebug (Vampire Fire Elementalist)     Turns: 8295, Time: 00:58:45

Health: -32/56     AC:  6    Str:  7    XL:     8   Next: 62%
Magic:  2/12       EV: 13    Int: 20    God:    Sif Muna [......]
Gold:   227        SH:  0    Dex: 14    Spells: 0/12 levels left

rFire   . . .        f - +0 short sword (speed)
rCold   + . .        (no shield)
rNeg    . . .        a - +0 robe
rPois   +            (no helmet)
rElec   .            (no cloak)
rCorr   .            (no gloves)
SInv    +            (no boots)
Will    +....        (no amulet)
Stlth   ++           r - ring of willpower
HPRegen 0.49/turn    y - ring of the Final Visions {rPois rC+ AC+4 Stlth-}
MPRegen 0.13/turn

%: no passive effects
@: on blink cooldown, healing quickly
A: alive, fangs 3, see invisible, vampiric 2
a: Exsanguinate, Renounce Religion


You were on level 7 of the Dungeon.
You worshipped Sif Muna.
Sif Muna was noncommittal.
You visited 1 branch of the dungeon, and saw 8 of its levels.

You collected 227 gold pieces.

Inventory:

Hand Weapons
 f - a +0 short sword of speed (weapon)
 k - a +0 dagger
 B - a +0 arbalest
 I - a +0 rapier
Missiles
 p - 7 poisoned darts
 w - 16 stones
 E - 3 boomerangs
Armour
 a - a +0 robe (worn)
Magical Staves
 C - the staff of Asorotygad {rN+++ Dex-2 Conj Alchemy}
   (You found it on level 6 of the Dungeon)

   [staff of conjuration]

   Base accuracy: +5 Base damage: 5 Base attack delay: 1.2 This weapon's minimum
   attack delay (0.6) is reached at skill level 12.
   Dex-2:     It affects your dexterity (-2).
   rN+++:     It renders you almost immune to negative energy.
   Conj:      It increases the power of your Conjurations spells.
   Alchemy:   It increases the power of your Alchemy spells.
   It falls into the 'Staves' category.
   It is a one-handed weapon.
Jewellery
 r - a ring of willpower (left hand)
 y - the ring of the Final Visions (right hand) {rPois rC+ AC+4 Stlth-}
   (You found it on level 4 of the Dungeon)

   [ring of protection]

   AC+4:      It affects your AC (+4).
   rC+:       It protects you from cold.
   rPois:     It protects you from poison Stlth-: It makes you less stealthy.
 z - a ring of protection from cold
Scrolls
 c - a scroll of enchant armour {unknown}
 d - a scroll of immolation
 h - a scroll of acquirement {unknown}
 i - 6 scrolls of identify
 l - a scroll of torment
 m - a scroll of fog {unknown}
 n - a scroll of revelation {unknown}
 s - a scroll of blinking {unknown}
 v - a scroll of amnesia {unknown}
 x - a scroll of teleportation {unknown}
 A - 2 scrolls of vulnerability {unknown}
 G - 2 scrolls of poison {unknown}
Potions
 b - 2 potions of magic
 e - 5 potions of heal wounds
 g - 3 potions of attraction {unknown}
 j - 2 potions of enlightenment {unknown}
 o - a potion of haste {unknown}
 q - 2 potions of lignification {unknown}
 t - a potion of curing {unknown}
 u - 2 potions of brilliance {unknown}
 D - a potion of berserk rage {unknown}
 F - 2 potions of might {unknown}
 H - 2 potions of cancellation {unknown}
 J - a potion of mutation {unknown}


   Skills:
 + Level 2.1 Fighting
 + Level 3.6 Dodging
 - Level 6.6 Stealth
 + Level 2.8 Spellcasting
 + Level 1.0 Conjurations
 - Level 4.4 Hexes
 * Level 7.6 Fire Magic


You couldn't memorise any spells.
You knew the following spells:

 Your Spells              Type           Power      Damage    Failure   Level
b - Blink                 Tloc           4%         N/A       22%         2
f - Foxfire               Conj/Fire      80%        2x1d8     2%          1
i - Inner Flame           Hex/Fire       26%        N/A       3%          3
m - Volatile Blastmotes   Fire/Tloc      36%        2d13      9%          3
q - Magic Dart            Conj           28%        1d4       10%         1
r - Scorch                Fire           66%        2d7       1%          2

Your spell library contained the following spells:

 Spells                   Type           Power      Damage    Failure   Level
 Momentum Strike          Conj/Tloc      8%         3d8       19%         2
 Call Imp                 Summ           4%         N/A       22%         2
 Flame Wave               Conj/Fire      20%        2d7       24%         4
 Dimensional Bullseye     Hex/Tloc       5%         N/A       52%         4
 Iskenderun's Battlesphe  Conj           7%         2d6       95%         5
 Bombard                  Conj/Erth      2%         9d1       100%        6
 Conjure Ball Lightning   Conj/Air       2%         3x3d6     100%        6
 Summon Cactus Giant      Summ           1%         N/A       100%        6
 Spellforged Servitor     Conj/Summ      2%         N/A       100%        7


Dungeon Overview and Level Annotations

Branches:
Dungeon (8/15)
 Temple: D:4-7         Lair: D:8-11

Altars:
Sif Muna

Shops:
D:6 :

Annotations:
D:4 1 runed translucent door, exclusion: 2 downstairs, temujin's ghost, novice HuCj
D:5 exclusion: bombardier beetle, Sigmund
D:6 Maggie
D:7 exclusions: downstairs and ogre, Joseph
D:8 Amaemon; Maurice


Innate Abilities, Weirdness & Mutations

Your natural rate of healing is accelerated.
You have razor-sharp teeth.
You have supernaturally acute eyesight. (SInv)
You are afflicted with vampirism and can become a bat while bloodless.


Message History

It is a scroll of identify.
e - 5 potions of heal wounds The vampire mosquito barely misses you.
The orc priest closely misses you.
The vampire mosquito bites you but does no damage.
Unknown command.
The vampire mosquito attacks as it pursues you!
The vampire mosquito closely misses you.
The vampire mosquito bites you but does no damage.
Casting: Inner Flame (dangerous; 3% risk of failure)
Confirm with . or Enter, or press ? or * to list all spells.
You blink.
Joseph unwields a +0 quarterstaff.
Joseph wields a +0 sling.
Joseph shoots a sling bullet.
The sling bullet misses you.
The orc priest invokes the aid of Beogh against you.
Beogh smites you!
Okay, then.
Unknown command.
Okay, then.
As you read the scroll labelled XEEHEXIK XOCI, it crumbles to dust.
The creatures around you are filled with an inner flame!
It was a scroll of immolation.
The vampire mosquito closely misses you.
The vampire mosquito bites you.
The vampire mosquito draws strength from your injuries!
As you read the scroll labelled OSAGYO VITESO, it crumbles to dust.
Your body is wracked with pain!
The orc priest convulses!
Flame seeps out of the orc priest.
The bombardier beetle convulses!
Flame seeps out of the bombardier beetle.
Joseph convulses!
Flame seeps out of Joseph.
It was a scroll of torment.
The vampire mosquito bites you.
* * * LOW HITPOINT WARNING * * *
The vampire mosquito draws strength from your injuries!
The orc priest is engulfed in blazing flames.
Sif Muna accepts your kill.
The orc priest explodes!
The fiery explosion engulfs the vampire mosquito!!!
Sif Muna accepts your kill.
The vampire mosquito explodes!
The fiery explosion engulfs you!!!
Ouch! That really hurt!
You die...

#)# .# #o# .# #@# .# #.##.##
#.#§..## # #.####§§§...##.#
#.....§○§§.....#
###..#.§§§..#..# ##.##.#@..## .#
#..##.....# # ##.##....###.
#..#........ #.#...B...#.
#.##.#>.#.# . #.####..#.#.. #.#
#..#.#.#
##########.####..#.#.##.########


You could see Joseph (inner flame), a bombardier beetle (inner flame) and an orc
(inner flame).

Vanquished Creatures
  2 vampire mosquitoes (D:7)
  An orc warrior (D:5)
  2 ice beasts
  An ogre (D:7)
  A phantom (D:6)
  A bullfrog (D:7)
  3 scorpions
  A bombardier beetle (D:4)
  4 orc priests
  A gnoll bouda (D:6)
  5 hounds
  2 jellies
  A sleepcap (D:6)
  4 iguanas
  15 gnolls
  9 adders
  A shadow imp (D:7)
  A ribbon worm (D:4)
  A dart slug (D:4)
  17 orcs
  9 ball pythons
  6 endoplasms
  4 giant cockroaches
  11 goblins
  3 hobgoblins (D:1)
  8 kobolds
  4 quokkas
  5 bats
  2 frilled lizards
  4 rats
129 creatures vanquished.

Vanquished Creatures (others)
  244 foxfires
244 creatures vanquished.

Grand Total: 373 creatures vanquished

Notes
Turn   | Place    | Note
-------+----------+-------------------------------------------
     0 | D:1      | RepoMan the Vampire Fire Elementalist began the quest for
                  | the Orb.
     0 | D:1      | Reached XP level 1. HP: 13/13 MP: 3/3
   323 | D:1      | Reached XP level 2. HP: 19/19 MP: 0/5
   340 | D:1      | Learned a level 2 spell: Scorch
   876 | D:1      | Reached skill level 3 in Fire Magic
  1127 | D:1      | Gained mutation: You are afflicted with vampirism and can
                  | become a bat while bloodless. [Vampire growth]
  1127 | D:1      | Reached XP level 3. HP: 24/24 MP: 4/6
  1534 | D:2      | Learned a level 3 spell: Inner Flame
  1698 | D:3      | Noticed an ice beast
  1975 | D:3      | Reached XP level 4. HP: 30/30 MP: 4/7
  2051 | D:3      | You fall into a shaft and drop 1 floor!
  2080 | D:4      | Found a runed translucent door.
  2080 | D:4      | Noticed temujin's ghost (novice HuCj)
  2128 | D:4      | Noticed a scorpion
  2135 | D:4      | Killed a scorpion
  2150 | D:4      | Reached skill level 5 in Stealth
  2150 | D:4      | Reached XP level 5. HP: 28/35 MP: 0/8
  2580 | D:4      | Reached skill level 4 in Fire Magic
  3843 | D:3      | Killed an ice beast
  3844 | D:3      | Reached XP level 6. HP: 41/41 MP: 2/9
  3959 | D:4      | Identified the ring of the Final Visions {rPois rC+ AC+4
                  | Stlth-}
  4876 | D:4      | Reached skill level 5 in Fire Magic
  5063 | D:5      | Entered Level 5 of the Dungeon
  5134 | D:5      | Noticed an orc warrior
  5150 | D:5      | Killed an orc warrior
  5151 | D:5      | Reached XP level 7. HP: 46/46 MP: 0/10
  5549 | D:5      | Noticed Sigmund
  5601 | D:5      | Reached skill level 6 in Fire Magic
  5778 | D:5      | Got the Incunabulum of Fog and Geometries
  5927 | D:6      | Noticed Maggie
  6587 | D:6      | Reached XP level 8. HP: 53/53 MP: 5/11
  6591 | D:6      | Learned a level 3 spell: Volatile Blastmotes
  6654 | D:6      | Identified the staff of Asorotygad {rN+++ Dex-2 Conj
                  | Alchemy}
  6665 | D:6      | Reached skill level 7 in Fire Magic
  6840 | D:6      | Reached skill level 1 in Fighting
  7456 | D:6      | Found Docoky Uhale's Book Shop.
  8080 | D:7      | Learned a level 1 spell: Magic Dart
  8083 | D:7      | Learned a level 2 spell: Blink
  8173 | D:7      | Found a shimmering blue altar of Sif Muna.
  8179 | D:7      | Became a worshipper of Sif Muna the Loreminder
  8221 | D:8      | Noticed Amaemon
  8221 | D:8      | Noticed an orange demon
  8221 | D:8      | Noticed Maurice
  8283 | D:7      | Noticed Joseph
  8286 | D:7      | Reached skill level 1 in Conjurations
  8295 | D:7      | Killed by an exploding vampire mosquito... ignited by their
                  | inner flame

Illustrated notes

Levels and vault maps discovered:
D:1:      matt_arrival_los_fun, layout_basic
D:2:      layout_loops_ring, chequers_serial_rivers_small_b
D:3:      layout_loops_ring, serial_co_window_serial, co_window_cross_1,
          co_window_corner_a, co_window_paths_b, co_window_corner_a,
          co_window_paths_a, co_window_unsneaky_path_d, co_window_broadway_a,
          co_window_broadway_c, co_window_of_opportunity_b, co_window_paths_e,
          co_window_4corner_a, glass_columns_b, glass_columns_c
D:4:      layout_loops_ring, gammafunk_ghost_grave, serial_bayou_pond_a
D:5:      layout_loops_ring, dk_yredelemnul_ordeal, kennysheep_nub,
          chequers_serial_rivers_large_a, uniq_sigmund
D:6:      layout_loops_ring, serial_shops, nicolae_lakefront_shop, nrook_uturn,
          uniq_maggie
D:7:      layout_loops_ring, mainiacjoe_overflow_boulevard,
          minmay_temple_entry_proselytizer, uniq_joseph
D:8:      layout_rooms, minitemple, uniq_amaemon, uniq_maurice, uniq_grum

Skill      XL: |  1  2  3  4  5  6  7  8 |
---------------+-------------------------+-----
Fire Magic     | 3 4 5 6 7 |  7.6
Stealth        | 4 5 6 |  6.6
Hexes          | 2 3 4 |  4.4
Fighting       | 2 |  2.1
Dodging        | 3 |  3.6
Conjurations   | 1 |  1.0
Spellcasting   | |  2.8

Action                     |  1- 3 |  4- 6 |  7- 9 || total
---------------------------+-------+-------+-------++-------
  Melee: Unarmed           |     2 |       |       ||     2
         Short sword       |     7 |    20 |    17 ||    44
         Bite              |       |     1 |     1 ||     2
  Throw: Dart              |     2 |     4 |     3 ||     9
         Stone             |       |     1 |     1 ||     2
         Throwing net      |       |       |     1 ||     1
   Cast: Foxfire           |    73 |    47 |    43 ||   163
         Scorch            |     1 |    17 |    41 ||    59
         Inner Flame       |       |    11 |    27 ||    38
         Blink             |       |       |     1 ||     1
    Use: Scroll            |       |       |     3 ||     3
   Stab: Sleeping          |     1 |     3 |       ||     4
         Invisible         |       |     1 |       ||     1
         Held in net/web   |       |       |     1 ||     1
 Armour: Robe              |    12 |     5 |    27 ||    44
  Dodge: Dodged            |    12 |     9 |    31 ||    52
